 Dungeon Crawl Stone Soup version 0.21-a0-210-gbfa5647 (webtiles) character file.

514 Southpaw the Poker (level 7, 0/82 HPs)
             Began as a Merfolk Gladiator on Aug 21, 2017.
             Slain by an ogre
             ... wielding a +0 giant spiked club
              (11 damage)
             ... on level 4 of the Dungeon.
             The game lasted 00:04:31 (3373 turns).

Southpaw the Poker (Merfolk Gladiator)              Turns: 3373, Time: 00:04:31

Health: 0/82       AC: 23    Str: 14    XL:     7   Next: 20%
Magic:  7/7        EV:  2    Int:  8    God:
Gold:   123        SH:  0    Dex: 17    Spells: 6/6 levels left

rFire    . . .     SeeInvis .   a - +0 trident
rCold    . . .     Gourm    .   (no shield)
rNeg     + + +     Faith    .   (armour currently unavailable)
rPois    +         Spirit   .   (helmet currently unavailable)
rElec    .         Reflect  .   (cloak currently unavailable)
rCorr    .         Harm     .   (gloves currently unavailable)
MR       .....     NoTele   +   (boots currently unavailable)
Stlth    ++........             (no amulet)
HPRegen  0.23/turn              (no ring)
MPRegen  0.10/turn              (no ring)

@: tree-form (expiring)
A: (change form in water), (swift swim), (stealthy swim)
a: no special abilities


You were on level 4 of the Dungeon.
You were not hungry.
You were a tree.
You visited 1 branch of the dungeon, and saw 4 of its levels.

You collected 123 gold pieces.

Inventory:

Hand Weapons
 a - a +0 trident (weapon)
Missiles
 e - 109 stones (quivered)
Armour
 b - a +0 leather armour
 c - a +0 helmet (melded)
 n - a scarf of cloud immunity
 s - a +1 pair of gloves (melded)
 t - a +1 robe of magic resistance (melded)
 v - a scarf of cloud immunity
 x - a +1 cloak (melded)
Jewellery
 h - an uncursed ring of see invisible {unknown}
Scrolls
 k - a scroll of fog {unknown}
 l - a scroll of identify {unknown}
 m - a scroll of teleportation {unknown}
 o - 2 scrolls of remove curse {unknown}
 p - a scroll of recharging {unknown}
 q - 2 scrolls of immolation {unknown}
 r - 2 scrolls of amnesia {unknown}
Potions
 g - 2 potions of lignification
 i - a potion of brilliance
Comestibles
 f - 3 bread rations
 j - a royal jelly


   Skills:
 + Level 4.8 Fighting
 + Level 7.8 Polearms
 - Level 2.0 Throwing
 + Level 6.9 Dodging


You had 6 spell levels left.
You didn't know any spells.

Dungeon Overview and Level Annotations

Branches:
Dungeon (4/15)
 Temple: D:4-7

Altars:
Fedhas
The Shining One

Annotations:
D:2 exclusion: oklob plant


Message History

The ogre is lightly wounded.
The ogre hits you with a giant spiked club.
You hit the ogre.
The ogre is moderately wounded.
The ogre hits you with a giant spiked club!
* * * LOW HITPOINT WARNING * * *
You barely miss the ogre.
The ogre is moderately wounded.
Unknown command.
Okay, then.
Okay, then.
You hit the ogre but do no damage.
The ogre is moderately wounded.
The ogre hits you with a giant spiked club!
* * * LOW HITPOINT WARNING * * *
You hit the ogre.
The ogre is moderately wounded.
Your transformation is almost over.
The ogre hits you with a giant spiked club!
You die...

# .## #.#
# #..#.
#.#.#
#.#.#
#.#.#
#♣#.#
#O#.##
#.<..#
#....>....
##...#.#.#
.###...$ #
#># # .# #


You could see an ogre.

Vanquished Creatures
  Sigmund (D:3)
  2 ogres
  3 orc priests (D:4)
  3 adders (D:2)
  4 worms
  A dart slug (D:3)
  3 leopard geckos
  3 orcs
  A ball python (D:3)
  3 giant cockroaches
  8 goblins
  4 hobgoblins
  2 jackals (D:2)
  9 bats
  2 frilled lizards
  6 kobolds
  7 rats
62 creatures vanquished.

Vanquished Creatures (others)
  13 toadstools (D:2)
13 creatures vanquished.

Grand Total: 75 creatures vanquished

Notes
Turn   | Place    | Note
-------+----------+-------------------------------------------
     0 | D:1      | Southpaw the Merfolk Gladiator began the quest for the Orb.
     0 | D:1      | Reached XP level 1. HP: 16/16 MP: 1/1
   340 | D:1      | Reached XP level 2. HP: 23/23 MP: 2/2
   754 | D:2      | Reached skill level 5 in Polearms
   754 | D:2      | Reached XP level 3. HP: 23/28 MP: 3/3
  1409 | D:2      | Reached XP level 4. HP: 33/34 MP: 4/4
  1411 | D:2      | Found a glowing golden altar of the Shining One.
  1452 | D:2      | Reached skill level 5 in Dodging
  1743 | D:2      | Found a blossoming altar of Fedhas.
  1761 | D:2      | Noticed an oklob plant
  2261 | D:3      | Noticed an ogre
  2283 | D:3      | Killed an ogre
  2283 | D:3      | Reached skill level 6 in Polearms
  2283 | D:3      | Reached XP level 5. HP: 6/41 MP: 5/5
  3051 | D:3      | Noticed Sigmund
  3082 | D:3      | Killed Sigmund
  3082 | D:3      | Reached skill level 7 in Polearms
  3082 | D:3      | Reached XP level 6. HP: 31/48 MP: 6/6
  3330 | D:4      | Reached XP level 7. HP: 55/55 MP: 7/7
  3373 | D:4      | Slain by an ogre

Vault maps used:
D:1:      eino_arrival_water_cross, kennysheep_another_room
D:2:      tgw_fedhas, nicolae_tso_carved_into_rock
D:3:      cheibrodos_old_hovel, uniq_sigmund
D:4:      minivault_26

Skill      XL: |  1  2  3  4  5 |
---------------+----------------+-----
Polearms       | 5 6 7 |  7.8
Dodging        | 5 6 |  6.9
Fighting       | 3 4 |  4.8
Throwing       | |  2.0

Action                   |  1- 3 |  4- 6 |  7- 9 || total
-------------------------+-------+-------+-------++-------
Melee: Trident           |    93 |   130 |    21 ||   244
Throw: Throwing net      |       |     4 |       ||     4
  Use: Potion            |     1 |     4 |       ||     5
 Stab: Sleeping          |     3 |     3 |       ||     6
       Held in net/web   |       |     3 |       ||     3
  Eat: Chunk             |     2 |     6 |       ||     8
Armor: Leather armour    |    14 |    23 |       ||    37
       Skin              |       |     4 |     4 ||     8
       Robe              |       |     1 |       ||     1
Dodge: Dodged            |    45 |    85 |       ||   130

Table legend:
 A = Spawn XP
 B = Non-spawn XP
 C = Spawn XP percentage of total XP
 D = Spawn monster count
 E = Non-spawn monster count
 F = Spawn count percentage of total count
 G = Total turns spent on level
                    A         B        C        D         E        F      G
               +---------+---------+-------+---------+---------+-------+---------
         Total |      37 |     698 |   5.0 |      10 |      52 |  16.1 |  3373
               +---------+---------+-------+---------+---------+-------+---------
           D:1 |       7 |      16 |  30.4 |       2 |      11 |  15.4 |   752
           D:2 |      15 |      64 |  19.0 |       2 |      21 |   8.7 |  1257
           D:3 |      15 |     378 |   3.8 |       6 |      15 |  28.6 |  1288
           D:4 |       0 |     240 |   0.0 |       0 |       5 |   0.0 |    76
               +---------+---------+-------+---------+---------+-------+---------
